 Dungeon Crawl Stone Soup version 0.29-a0-194-g6e3aafee17 (webtiles) character file.

Game seed: 7812789639675627910

39 dolemite99 the Slinger (level 3, -7/31 HPs)
             Began as a Gnoll Hunter on Feb 22, 2022.
             Mangled by an ogre
             ... wielding a +0 giant spiked club
              (19 damage)
             ... on level 2 of the Dungeon.
             The game lasted 00:02:51 (2236 turns).

dolemite99 the Slinger (Gnoll Hunter)               Turns: 2236, Time: 00:02:51

Health: -7/31      AC:  5    Str: 11    XL:     3   Next: 47%
Magic:  4/4        EV: 12    Int: 10    God:
Gold:   84         SH:  0    Dex: 14    Spells: 3/3 levels left

rFire   . . .      SeeInvis .   a - +1 hunting sling
rCold   . . .      Faith    .   (no shield)
rNeg    . . .      Spirit   .   i - +0 ring mail
rPois   .          Reflect  .   (no helmet)
rElec   .          Harm     .   (no cloak)
rCorr   .          Rampage  .   (no gloves)
Will    .....                   (no boots)
Stlth   +.........              (no amulet)
HPRegen 0.10/turn               (no ring)
MPRegen 0.09/turn               (no ring)

@: no status effects
A: fangs 1, strong nose, distributed training
a: no special abilities


You were on level 2 of the Dungeon.
You visited 1 branch of the dungeon, and saw 2 of its levels.

You collected 84 gold pieces.

Inventory:

Hand Weapons
 a - a +1 hunting sling (weapon)
 f - a +0 dagger
Missiles
 k - 26 stones (quivered)
Armour
 b - a +0 leather armour
 i - a +0 ring mail (worn)
Magical Staves
 h - a staff of death
Scrolls
 c - a scroll of identify {unknown}
 j - a scroll of amnesia {unknown}
Potions
 d - a potion of brilliance {unknown}
 e - a potion of might {unknown}


   Skills:
 + Level 4.5 Fighting
 + Level 0.8 Short Blades
 + Level 0.8 Long Blades
 + Level 0.8 Axes
 + Level 0.8 Maces & Flails
 + Level 0.8 Polearms
 + Level 0.8 Staves
 + Level 8.5 Slings
 + Level 0.8 Bows
 + Level 0.8 Crossbows
 + Level 0.8 Throwing
 + Level 0.8 Armour
 + Level 4.5 Dodging
 + Level 2.4 Stealth
 + Level 0.8 Shields
 + Level 0.8 Unarmed Combat
 + Level 0.8 Spellcasting
 + Level 0.5 Conjurations
 + Level 0.5 Hexes
 + Level 0.5 Summonings
 + Level 0.5 Necromancy
 + Level 0.5 Translocations
 + Level 0.5 Transmutations
 + Level 0.5 Fire Magic
 + Level 0.5 Ice Magic
 + Level 0.5 Air Magic
 + Level 0.5 Earth Magic
 + Level 0.5 Poison Magic
 + Level 1.0 Invocations
 + Level 0.8 Evocations


You had 3 spell levels left.
You didn't know any spells.
Your spell library was empty.

Dungeon Overview and Level Annotations

Branches:
Dungeon (2/15)

Altars:


Innate Abilities, Weirdness & Mutations

You have very sharp teeth.
Your uncanny sense of smell can sniff out nearby items.
Your experience applies equally to all skills.


Message History

You shoot a sling bullet. The sling bullet hits the ogre!
The ogre is severely wounded.
Throw: 26 stones
Press: ? - help, Q - select action Shift-Dir - straight line, f/p - ogre
Aim: an ogre, wielding a +0 giant spiked club (severely wounded, 75% to hit)
Okay, then.
Fire: a) +1 hunting sling
Press: ? - help, Shift-Dir - straight line, f/p - ogre
Aim: an ogre, wielding a +0 giant spiked club (severely wounded)
You shoot a sling bullet.
The sling bullet closely misses the ogre.
The ogre closely misses you.
Fire: a) +1 hunting sling
Press: ? - help, Shift-Dir - straight line, f/p - ogre
Aim: an ogre, wielding a +0 giant spiked club (severely wounded)
You shoot a sling bullet.
The sling bullet barely misses the ogre.
The ogre barely misses you.
Fire: a) +1 hunting sling
Press: ? - help, Shift-Dir - straight line, f/p - ogre
Aim: an ogre, wielding a +0 giant spiked club (severely wounded)
You shoot a sling bullet.
The sling bullet hits the ogre but does no damage.
The ogre is severely wounded.
The ogre closely misses you.
Fire: a) +1 hunting sling
Press: ? - help, Shift-Dir - straight line, f/p - ogre
Aim: an ogre, wielding a +0 giant spiked club (severely wounded)
You shoot a sling bullet. The sling bullet hits the ogre.
The ogre is severely wounded.
The ogre closely misses you.
Fire: a) +1 hunting sling
Press: ? - help, Shift-Dir - straight line, f/p - ogre
Aim: an ogre, wielding a +0 giant spiked club (severely wounded)
You shoot a sling bullet. The sling bullet hits the ogre.
The ogre is almost dead.
It was a potion of curing.
You feel better.
The ogre hits you with a +0 giant spiked club!!
Ouch! That really hurt!
You die...

##.## ##.#.#.#
##..###..#.#.#
#....#.#.#.#.##
..............#
#....)##...#...
##...###...##.#
....## #...##.#
###.#
##...##.##### #
#.###........O@.#
#
#........##.###.#
###.##.....##.#
#.##.#
..........###.#
#.##.#
....##..### #.#
#)##.# ######..#
##.# #.##.# #..#
#..# #.##.# #..#
#)## #.##.# #..#
#.####.##.#####


You could see an ogre.

Vanquished Creatures
  A worm (D:2)
  An endoplasm (D:1)
  A giant cockroach (D:2)
  3 goblins
  5 hobgoblins
  6 jackals
  3 kobolds (D:1)
  2 quokkas (D:1)
  2 ball pythons (D:1)
  4 bats
  2 frilled lizards
  3 rats (D:1)
33 creatures vanquished.

Notes
Turn   | Place    | Note
-------+----------+-------------------------------------------
     0 | D:1      | dolemite99 the Gnoll Hunter began the quest for the Orb.
     0 | D:1      | Reached XP level 1. HP: 20/20 MP: 1/1
    67 | D:1      | HP: 1/20 [rat (2)]
    69 | D:1      | Reached XP level 2. HP: 1/26 MP: 2/2
  1494 | D:1      | Reached XP level 3. HP: 31/31 MP: 3/3
  2123 | D:2      | Reached skill level 1 in Invocations
  2188 | D:2      | Noticed an ogre
  2236 | D:2      | Mangled by an ogre

Illustrated notes

Levels and vault maps discovered:
D:1:      erik_arrival_cave_to_civilisation [erik_arrival_cave_to_hall],
          layout_basic
D:2:      layout_loops_ring, chequers_avenue

Skill      XL: |  1  2  3 |
---------------+----------+-----
Invocations    | 1 |  1.0
Fighting       | |  4.5
Short Blades   | |  0.8
Long Blades    | |  0.8
Axes           | |  0.8
Maces & Flails | |  0.8
Polearms       | |  0.8
Staves         | |  0.8
Slings         | |  8.5
Bows           | |  0.8
Crossbows      | |  0.8
Throwing       | |  0.8
Armour         | |  0.8
Dodging        | |  4.5
Stealth        | |  2.4
Shields        | |  0.8
Unarmed Combat | |  0.8
Spellcasting   | |  0.8
Conjurations   | |  0.5
Hexes          | |  0.5
Summonings     | |  0.5
Necromancy     | |  0.5
Translocations | |  0.5
Transmutations | |  0.5
Fire Magic     | |  0.5
Ice Magic      | |  0.5
Air Magic      | |  0.5
Earth Magic    | |  0.5
Poison Magic   | |  0.5
Evocations     | |  0.8

Action                   || total
-------------------------++-------
Melee: Unarmed           ||    30
       Bite              ||     2
 Fire: Hunting sling     ||    99
Throw: Stone             ||     1
  Use: Potion            ||     1
Armor: Leather armour    ||    13
Dodge: Dodged            ||    56

Table legend: (Time is in decaauts)
 A = Elapsed time spent in this place.
 B = Non-inter-level travel time spent in this place.
 C = Inter-level travel time spent in this place.
 D = Time resting spent in this place.
 E = Time spent auto-exploring this place.
 F = Levels seen in this place.
 G = Mean time per level.
                   A        B        C        D        E       F      G
               +--------+--------+--------+--------+--------+-----+--------+
         Total |   2238 |   2106 |    132 |    507 |   1306 |   2 | 1119.0 |
       Dungeon |   2238 |   2106 |    132 |    507 |   1306 |   2 | 1119.0 |
               +--------+--------+--------+--------+--------+-----+--------+

Top non-repeatable levels by time:
     D:1: 1886 daAuts
     D:2: 352 daAuts
